SAAA
JERSEY CITY TRITONS @ SIOUX FALLS RED PANDAS
06/30/2027
 
TOP OF THE 1ST
Jersey City Tritons batting - Pitching for Sioux Falls Red Pandas : RHP Alejandro Arteaga
Pitching: RHP Alejandro Arteaga
Batting: RHB Luis Rodríguez 0-0: Called Strike
0-1: Foul Ball, location: 2F
0-2: Ball
1-2: Strikes out looking
Batting: RHB Brandon Reed 0-0: Foul Ball, location: 2F
0-1: SINGLE (Line Drive, 7S)
Batting: LHB Preston Witt 0-0: Called Strike
0-1: Called Strike
0-2: Strikes out swinging
Batting: RHB Mike Greene 0-0: Ball
1-0: Ball
2-0: Called Strike
2-1: Foul Ball, location: 2F
2-2: Ball
3-2: Fly out, F8 (Flyball, 8LXD)
Top of the 1st over - 0 run(s), 1 hit(s), 0 error(s), 1 left on base; Jersey City 0 - Sioux Falls 0
BOTTOM OF THE 1ST
Sioux Falls Red Pandas batting - Pitching for Jersey City Tritons : RHP Ricardo Rodríguez
Pitching: RHP Ricardo Rodríguez
Batting: RHB Jeff Conn 0-0: Called Strike
0-1: Swinging Strike
0-2: Strikes out swinging
Batting: RHB Fokke Willemsen 0-0: Foul Ball, location: 2F
0-1: SINGLE (Groundball, 6D)
Batting: LHB Chris Gregory 0-0: Ball
1-0: Ball
2-0: Fly out, F7 (Line Drive, 7S)
Batting: LHB Armando Becerra 0-0: Foul Ball, location: 2F
0-1: Ball
1-1: Foul Ball, location: 2F
1-2: Foul Ball, location: 2F
1-2: Foul Ball, location: 2F
1-2: Foul Ball, location: 2F
1-2: Ball
2-2: Ball
3-2: Strikes out swinging
Bottom of the 1st over - 0 run(s), 1 hit(s), 0 error(s), 1 left on base; Jersey City 0 - Sioux Falls 0
TOP OF THE 2ND
Jersey City Tritons batting - Pitching for Sioux Falls Red Pandas : RHP Alejandro Arteaga
Batting: RHB Eddy Baxter 0-0: Called Strike
0-1: Called Strike
0-2: Ball
1-2: Ground out U3 (Groundball, 34)
Batting: SHB Vince Barrowcliff 0-0: Called Strike
0-1: Foul Ball, location: 2F
0-2: Strikes out swinging
Batting: RHB Jorge Rodríguez 0-0: Ball
1-0: SINGLE (Line Drive, 56D)
Batting: RHB Gabriel Guerrero 0-0: Called Strike
0-1: Ball
1-1: Swinging Strike
1-2: Ground out 1-3 (Groundball, 13S)
Top of the 2nd over - 0 run(s), 1 hit(s), 0 error(s), 1 left on base; Jersey City 0 - Sioux Falls 0
BOTTOM OF THE 2ND
Sioux Falls Red Pandas batting - Pitching for Jersey City Tritons : RHP Ricardo Rodríguez
Batting: RHB Pedro Pérez 0-0: Foul Ball, location: 2F
0-1: Ball
1-1: Fly out, F8 (Flyball, 8RD)
Batting: RHB Jesús Vásquez 0-0: Swinging Strike
0-1: Ball
1-1: Ball
2-1: Foul Ball, location: 2F
2-2: Strikes out swinging
Batting: SHB Eric O'Neill 0-0: Ground out 6-3 (Groundball, 6)
Bottom of the 2nd over - 0 run(s), 0 hit(s), 0 error(s), 0 left on base; Jersey City 0 - Sioux Falls 0
TOP OF THE 3RD
Jersey City Tritons batting - Pitching for Sioux Falls Red Pandas : RHP Alejandro Arteaga
Batting: RHB Bryan Wilson 0-0: Ball
1-0: Swinging Strike
1-1: Ball
2-1: Called Strike
2-2: Ball
3-2: Base on Balls
Batting: RHB Luis Rodríguez 0-0: Ball
1-0: Swinging Strike
1-1: Ball
2-1: Called Strike
2-2: Strikes out swinging
Batting: RHB Brandon Reed 0-0: Foul Ball, location: 2F
0-1: Called Strike
0-2: Ball
1-2: Foul Ball, location: 2F
1-2: Fielders Choice at 2nd, 5-4 (Groundball, 56)
Batting: LHB Preston Witt 0-0: Called Strike
0-1: SINGLE (Line Drive, 9S)
Brandon Reed to second
Batting: RHB Mike Greene 0-0: Ball
1-0: Ball
2-0: SINGLE (Line Drive, 8RS)
Brandon Reed to third
Preston Witt to second
Runner from 3rd tries for Home, throw and OUT!
Top of the 3rd over - 0 run(s), 2 hit(s), 0 error(s), 2 left on base; Jersey City 0 - Sioux Falls 0
BOTTOM OF THE 3RD
Sioux Falls Red Pandas batting - Pitching for Jersey City Tritons : RHP Ricardo Rodríguez
Batting: RHB Steve Irwin 0-0: SINGLE (Groundball, 6D)
Batting: RHB Gaston Waller 0-0: Ball
1-0: Grounds into double play, 4-6-3 (Groundball, 4)
Batting: RHB Jeff Conn 0-0: Ball
1-0: Foul Ball, location: 2F
1-1: Fly out, F7 (Flyball, 7)
Bottom of the 3rd over - 0 run(s), 1 hit(s), 0 error(s), 0 left on base; Jersey City 0 - Sioux Falls 0
TOP OF THE 4TH
Jersey City Tritons batting - Pitching for Sioux Falls Red Pandas : RHP Alejandro Arteaga
Batting: RHB Eddy Baxter 0-0: Ball
1-0: Called Strike
1-1: Ball
2-1: DOUBLE (Flyball, 9LM)
Batting: SHB Vince Barrowcliff 0-0: Ball
1-0: Swinging Strike
1-1: Ball
2-1: Foul Ball, location: 2F
2-2: Ground out 5-3 (Groundball, 5S)
Eddy Baxter to third
Batting: RHB Jorge Rodríguez 0-0: SINGLE (Flyball, 56D)
Eddy Baxter scores
Batting: RHB Gabriel Guerrero 0-0: Foul Ball, location: 2F
0-1: Ball
1-1: Foul Ball, location: 2F
1-2: Fly out, F9 (Flyball, 9S)
Batting: RHB Bryan Wilson 0-0: Ball
1-0: Foul Ball, location: 2F
1-1: Foul Ball, location: 2F
1-2: SINGLE (Groundball, 56S) (infield hit)
Jorge Rodríguez to second
Batting: RHB Luis Rodríguez 0-0: Ball
1-0: Foul Ball, location: 2F
1-1: Ball
2-1: Swinging Strike
2-2: Hit by Pitch
Jorge Rodríguez to third
Bryan Wilson to second
Batting: RHB Brandon Reed 0-0: Ball
1-0: Ball
2-0: Foul Ball, location: 2F
2-1: Foul Ball, location: 2F
2-2: Fly out, F7 (Line Drive, 78M)
Top of the 4th over - 1 run(s), 3 hit(s), 0 error(s), 3 left on base; Jersey City 1 - Sioux Falls 0
BOTTOM OF THE 4TH
Sioux Falls Red Pandas batting - Pitching for Jersey City Tritons : RHP Ricardo Rodríguez
Batting: RHB Fokke Willemsen 0-0: Called Strike
0-1: SINGLE (Groundball, 56D)
Batting: LHB Chris Gregory 0-0: Ball
1-0: Ball
2-0: DOUBLE (Line Drive, 9LM)
Fokke Willemsen to third
Batting: LHB Armando Becerra 0-0: Ball
1-0: Ball
2-0: Ball
3-0: Swinging Strike
3-1: Foul Ball, location: 2F
3-2: Strikes out swinging
Batting: RHB Pedro Pérez 0-0: Ball
1-0: Foul Ball, location: 2F
1-1: Ball
2-1: Foul Ball, location: 2F
2-2: Fly out, F9 (Flyball, 89S)
Batting: RHB Jesús Vásquez 0-0: Fly out, F9 (Flyball, 9S)
Bottom of the 4th over - 0 run(s), 2 hit(s), 0 error(s), 2 left on base; Jersey City 1 - Sioux Falls 0
TOP OF THE 5TH
Jersey City Tritons batting - Pitching for Sioux Falls Red Pandas : RHP Alejandro Arteaga
Batting: LHB Preston Witt 0-0: Foul Ball, location: 2F
0-1: Called Strike
0-2: Ball
1-2: Foul Ball, location: 2F
1-2: Ground out 4-3 (Groundball, 4D)
Batting: RHB Mike Greene 0-0: Ball
1-0: Ball
2-0: Ball
3-0: Called Strike
3-1: Foul Ball, location: 2F
3-2: Foul Ball, location: 2F
3-2: Ground out 4-3 (Groundball, 34)
Batting: RHB Eddy Baxter 0-0: Fly out, F8 (Flyball, 8RM)
Top of the 5th over - 0 run(s), 0 hit(s), 0 error(s), 0 left on base; Jersey City 1 - Sioux Falls 0
BOTTOM OF THE 5TH
Sioux Falls Red Pandas batting - Pitching for Jersey City Tritons : RHP Ricardo Rodríguez
Batting: SHB Eric O'Neill 0-0: Foul Ball, location: 2F
0-1: Foul Ball, location: 2F
0-2: Foul Ball, location: 2F
0-2: Foul Ball, location: 2F
0-2: Ball
1-2: Ball
2-2: SOLO HOME RUN (Flyball, 9LD), Distance : 374 ft
Batting: RHB Steve Irwin 0-0: Foul Ball, location: 2F
0-1: Ball
1-1: Ground out 1-3 (Groundball, P)
Batting: RHB Gaston Waller 0-0: Ball
1-0: SINGLE (Line Drive, 9S)
Batting: RHB Jeff Conn 0-0: Ball
1-0: Called Strike
1-1: Ball
2-1: Called Strike
2-2: Ball
3-2: Foul Ball, location: 2F
3-2: Foul Ball, location: 2F
3-2: Foul Ball, location: 2F
3-2: Fly out, F7 (Flyball, 7LM)
Batting: RHB Fokke Willemsen 0-0: Ball
1-0: Ball
2-0: Called Strike
2-1: DOUBLE (Flyball, 89D)
Gaston Waller to third
Runner from 3rd tries for Home, SAFE, throw made at trailing runner, OUT at third!
Bottom of the 5th over - 2 run(s), 3 hit(s), 0 error(s), 0 left on base; Jersey City 1 - Sioux Falls 2
TOP OF THE 6TH
Jersey City Tritons batting - Pitching for Sioux Falls Red Pandas : RHP Alejandro Arteaga
Pitching: LHP Kevin Woods
Batting: SHB Vince Barrowcliff 0-0: Ball
1-0: Foul Ball, location: 2F
1-1: Ball
2-1: Called Strike
2-2: Ball
3-2: Fly out, F8 (Flyball, 8RM)
Batting: RHB Jorge Rodríguez 0-0: Ball
1-0: SINGLE (Groundball, 34D)
Batting: RHB Gabriel Guerrero 0-0: Foul Ball, location: 2F
0-1: Ground out 6-3 (Groundball, 56)
Jorge Rodríguez to second
Batting: RHB Bryan Wilson 0-0: Ball
1-0: Ball
2-0: Ball
3-0: Base on Balls
Batting: RHB Luis Rodríguez 0-0: Foul Ball, location: 2F
0-1: Ball
1-1: Ball
2-1: Fielders Choice at 2nd, 4-6 (Groundball, 4)
Top of the 6th over - 0 run(s), 1 hit(s), 0 error(s), 1 left on base; Jersey City 1 - Sioux Falls 2
BOTTOM OF THE 6TH
Sioux Falls Red Pandas batting - Pitching for Jersey City Tritons : RHP Ricardo Rodríguez
Batting: LHB Chris Gregory 0-0: Called Strike
0-1: Swinging Strike
0-2: Ball
1-2: Ball
2-2: Foul Ball, location: 2F
2-2: Fly out, F5 (Line Drive, 5)
Batting: LHB Armando Becerra 0-0: Called Strike
0-1: Swinging Strike
0-2: Ball
1-2: Strikes out swinging
Batting: RHB Pedro Pérez 0-0: Ball
1-0: Called Strike
1-1: Foul Ball, location: 2F
1-2: Fly out, F9 (Flyball, 9S)
Bottom of the 6th over - 0 run(s), 0 hit(s), 0 error(s), 0 left on base; Jersey City 1 - Sioux Falls 2
TOP OF THE 7TH
Jersey City Tritons batting - Pitching for Sioux Falls Red Pandas : LHP Kevin Woods
Batting: RHB Brandon Reed 0-0: Ball
1-0: Fly out, F9 (Line Drive, 9D)
Batting: LHB Preston Witt 0-0: Foul Ball, location: 2F
0-1: Ball
1-1: Foul Ball, location: 2F
1-2: Ground out 4-3 (Groundball, 4D)
Batting: RHB Mike Greene 0-0: Called Strike
0-1: SOLO HOME RUN (Flyball, 78XD), Distance : 465 ft
Batting: RHB Eddy Baxter 0-0: Called Strike
0-1: Swinging Strike
0-2: Ball
1-2: Ground out 5-3 (Groundball, 5)
Top of the 7th over - 1 run(s), 1 hit(s), 0 error(s), 0 left on base; Jersey City 2 - Sioux Falls 2
BOTTOM OF THE 7TH
Sioux Falls Red Pandas batting - Pitching for Jersey City Tritons : RHP Ricardo Rodríguez
Batting: RHB Jesús Vásquez 0-0: Called Strike
0-1: Ball
1-1: DOUBLE (Line Drive, 7LM)
Batting: SHB Eric O'Neill 0-0: Ball
1-0: Ball
2-0: Fly out, F6 (Popup, 6D)
Pinch Hitting: LHB Jerry Wilson 0-0: Intentional Walk
Batting: RHB Gaston Waller 0-0: Called Strike
0-1: Called Strike
0-2: Ball
1-2: Ball
2-2: Foul Ball, location: 2F
2-2: Foul Ball, location: 2F
2-2: Strikes out swinging
Pitching: RHP Tom Bowen
Batting: RHB Jeff Conn 0-0: Called Strike
0-1: Ball
1-1: Called Strike
1-2: Strikes out swinging
Bottom of the 7th over - 0 run(s), 1 hit(s), 0 error(s), 2 left on base; Jersey City 2 - Sioux Falls 2
TOP OF THE 8TH
Jersey City Tritons batting - Pitching for Sioux Falls Red Pandas : LHP Kevin Woods
Pitching: RHP Jim Unknown
Now at 3B: Jim Unknown
Batting: SHB Vince Barrowcliff 0-0: Fly out, F7 (Flyball, 7S)
Batting: RHB Jorge Rodríguez 0-0: Fly out, F7 (Flyball, 7S)
Pinch Hitting: RHB Bob Heller 0-0: Foul Ball, location: 2F
0-1: Foul Ball, location: 2F
0-2: Fly out, F9 (Flyball, 9)
Top of the 8th over - 0 run(s), 0 hit(s), 0 error(s), 0 left on base; Jersey City 2 - Sioux Falls 2
BOTTOM OF THE 8TH
Sioux Falls Red Pandas batting - Pitching for Jersey City Tritons : RHP Tom Bowen
Now at 2B: Jonah Moody
Batting: RHB Fokke Willemsen 0-0: Ball
1-0: Swinging Strike
1-1: Ball
2-1: Ball
3-1: Fly out, F9 (Flyball, 9LM)
Batting: LHB Chris Gregory 0-0: Foul Ball, location: 2F
0-1: Ball
1-1: Hit by Pitch
Batting: LHB Armando Becerra 0-0: Called Strike
0-1: SINGLE (Groundball, 6D)
Chris Gregory to second
Batting: RHB Pedro Pérez 0-0: Ball
1-0: Ball
2-0: Ball
Chris Gregory steals 3rd base
Armando Becerra to second
3-0: Called Strike
3-1: SINGLE (Groundball, 6M) (infield hit)
Chris Gregory scores
Armando Becerra to third
Batting: RHB Jesús Vásquez 0-0: Called Strike
Pedro Pérez is caught stealing 2nd base
0-1: Swinging Strike
0-2: Strikes out swinging
Bottom of the 8th over - 1 run(s), 2 hit(s), 0 error(s), 1 left on base; Jersey City 2 - Sioux Falls 3
TOP OF THE 9TH
Jersey City Tritons batting - Pitching for Sioux Falls Red Pandas : RHP Jim Unknown
Pitching: RHP Jim Unknown
Batting: RHB Bryan Wilson 0-0: Swinging Strike
0-1: Ball
1-1: Fly out, F4 (Line Drive, 4)
Batting: RHB Luis Rodríguez 0-0: SINGLE (Groundball, 4S) (infield hit)
Batting: RHB Brandon Reed 0-0: Called Strike
0-1: Ball
1-1: SINGLE (Flyball, 78S)
Luis Rodríguez to second
Batting: LHB Preston Witt 0-0: Fielders Choice at 2nd, 1-6 (Groundball, P)
Luis Rodríguez to third
Batting: RHB Mike Greene 0-0: Ball
1-0: Foul Ball, location: 2F
1-1: Ball
2-1: Foul Ball, location: 2F
2-2: Foul Ball, location: 2F
2-2: Strikes out swinging
Top of the 9th over - 0 run(s), 2 hit(s), 0 error(s), 2 left on base; Jersey City 2 - Sioux Falls 3
Saturday, May 26th, 2018 - OOTP Baseball 17.12 Build 75